[Event "Titled Tuesday Blitz September 21 2021"]
[White "Leve, Nitai"]
[Black "Vakhlamov, Igor L."]
[WhiteFideId "2006898"]
[BlackFideId "24126748"]
[WhiteElo "2144"]
[BlackElo "2416"]
[Result "1/2-1/2"]
[Round "01"]
[TimeControl "180+1"]
[Date "2021.09.21"]
[WhiteClock "0:00:04"]
[BlackClock "0:00:04"]

1. e4 c5 2. Nf3 Nc6 3. d4 cxd4 4. Nxd4 g6 5. Nc3 Bg7 6. Be3 Nf6 7. Be2 O-O 8. f4 d6 9. Nb3 a6 10. g4 b5 11. g5 Nd7 12. h4 Bb7 13. h5 b4 14. hxg6 hxg6 15. Na4 Rc8 16. Bd3 e6 17. Qe2 Re8 18. O-O-O Na5 19. Bxa6 Nxb3+ 20. axb3 Bxe4 21. Bxc8 Qxc8 22. Rh2 d5 23. Bd4 e5 24. fxe5 Nxe5 25. Rf2 Bf5 26. Kb1 Nd3 27. Qf1 Bxd4 28. Rxf5 Qxf5 29. Qxf5 gxf5 30. Rxd3 Re4 31. c3 Be3 32. Rxd5 f4 33. Rf5 Kg7 34. cxb4 Rxb4 35. Nc3 Kg6 36. Rf6+ Kxg5 37. Rxf7 Rxb3 38. Kc2 Rb8 39. Nd5 Rd8 40. Nxe3 fxe3 41. Re7 Kf4 42. b4 Kf3 43. b5 Rd4 44. b6 Rb4 45. b7 e2 46. Kd2 Rb2+ 47. Ke1 Rb1+ 48. Kd2 Rb2+ 49. Ke1 Rb1+ 50. Kd2 Rb2+ 1/2-1/2


[Site "https://www.chess.com"]

[Event "Titled Tuesday Blitz September 21 2021"]
[White "Loy, Konstantin"]
[Black "Perez Ponsa, Federico"]
[WhiteFideId "14122499"]
[BlackFideId "117927"]
[WhiteElo "2084"]
[BlackElo "2672"]
[Result "0-1"]
[Round "01"]
[TimeControl "180+1"]
[Date "2021.09.21"]
[WhiteClock "0:00:01"]
[BlackClock "0:01:07"]

1. e4 c5 2. Nf3 d6 3. d4 cxd4 4. Qxd4 a6 5. c4 Nc6 6. Qd3 g6 7. Nc3 Bg7 8. h3 Nf6 9. Be2 O-O 10. Be3 Be6 11. Nd4 Ne5 12. Qd2 Bd7 13. b3 Rc8 14. O-O Qa5 15. Rac1 Rfe8 16. Rfd1 Nc6 17. f3 Nh5 18. Nd5 Qd8 19. Nxc6 Bxc6 20. Nb6 Rb8 21. Nd5 Nf6 22. Nxf6+ Bxf6 23. Bd4 Bxd4+ 24. Qxd4 Qa5 25. Qd2 Qc5+ 26. Qd4 b6 27. Qxc5 bxc5 28. Kf2 a5 29. Rd2 a4 30. Bd1 Kg7 31. Ra1 f5 32. exf5 gxf5 33. g4 Rf8 34. Kg3 h6 35. f4 Rf6 36. Bc2 fxg4 37. hxg4 Re6 38. Rd3 Re2 39. Bd1 Rg2+ 0-1


[Site "https://www.chess.com"]

[Event "Titled Tuesday Blitz September 21 2021"]
[White "Macovei, Andrei"]
[Black "Beulen, Marcel"]
[WhiteFideId "13904680"]
[BlackFideId "1001450"]
[WhiteElo "2389"]
[BlackElo "2389"]
[Result "1-0"]
[Round "01"]
[TimeControl "180+1"]
[Date "2021.09.21"]
[WhiteClock "0:00:59"]
[BlackClock "0:00:42"]

1. e4 d5 2. exd5 Qxd5 3. d4 e5 4. Nc3 Bb4 5. Bd2 Qxd4 6. Nf3 Qd6 7. Qe2 Nc6 8. O-O-O Nf6 9. Bf4 Qe7 10. Nxe5 Bxc3 11. bxc3 Qa3+ 12. Kb1 Be6 13. c4 Nb4 14. c3 Bf5+ 15. Nd3+ Kf8 16. cxb4 Qxb4+ 17. Qb2 Qxc4 18. Be3 Rd8 19. Ka1 Bxd3 20. Qa3+ Kg8 21. Bxd3 Qg4 22. Be2 Qc8 23. Rxd8+ Qxd8 24. Rd1 Qe8 25. Qxa7 h6 26. Qxb7 Qe5+ 27. Qb2 Qe4 28. Rd8+ Kh7 29. Bd3 1-0


[Site "https://www.chess.com"]

[Event "Titled Tuesday Blitz September 21 2021"]
[White "Martinez Alcantara, Jose Eduardo"]
[Black "Florescu, Codrut-Constantin"]
[WhiteFideId "3805662"]
[BlackFideId "1202200"]
[WhiteElo "2690"]
[BlackElo "2243"]
[Result "1-0"]
[Round "01"]
[TimeControl "180+1"]
[Date "2021.09.21"]
[WhiteClock "0:00:15"]
[BlackClock "0:00:20"]

1. e4 c5 2. Nf3 e6 3. c3 Nf6 4. Bd3 Nc6 5. Qe2 d5 6. e5 Nd7 7. Bb5 a6 8. Bxc6 bxc6 9. d3 Be7 10. O-O g5 11. Re1 g4 12. Nfd2 c4 13. dxc4 h5 14. cxd5 cxd5 15. c4 Nb6 16. Nc3 a5 17. cxd5 Nxd5 18. Nde4 Ba6 19. Qd1 Nb4 20. Qa4+ Kf8 21. Rd1 Qe8 22. Qxe8+ Kxe8 23. Bg5 Nd3 24. Nf6+ Kf8 25. Nce4 Rd8 26. Rd2 Nxe5 27. Rxd8+ Bxd8 28. Rd1 Be7 29. Rc1 Bd8 30. Nd7+ Nxd7 31. Bxd8 Kg7 32. Bxa5 f5 33. Bc3+ e5 34. Nc5 Nf6 35. Nxa6 Re8 36. Nb4 Kg6 37. Nd3 Nd7 38. Re1 e4 39. Nf4+ Kg5 40. g3 h4 41. Rd1 Re7 42. Rd6 Nf8 43. Bf6+ 1-0


[Site "https://www.chess.com"]

[Event "Titled Tuesday Blitz September 21 2021"]
[White "McBryde, Lamel"]
[Black "Kovalchuk94"]
[WhiteFideId "2058596"]
[WhiteElo "2136"]
[BlackElo "2684"]
[Result "0-1"]
[Round "01"]
[TimeControl "180+1"]
[Date "2021.09.21"]
[WhiteClock "0:01:00"]
[BlackClock "0:01:32"]

1. Nf3 d5 2. b3 Bg4 3. e3 e6 4. Bb2 Nf6 5. Be2 Be7 6. d3 O-O 7. Nbd2 c5 8. O-O Nc6 9. c4 Rc8 10. a3 b6 11. Rc1 Nd7 12. Rc2 Bf6 13. Qa1 Bxb2 14. Qxb2 Qe7 15. Rfc1 dxc4 16. Nxc4 Rfd8 17. h3 Bh5 18. Rd2 h6 19. Rcd1 b5 20. Nce5 Ncxe5 21. Nxe5 Bxe2 22. Rxe2 Nxe5 23. Qxe5 c4 24. Qxb5 cxd3 25. Rxd3 Qxa3 26. Red2 Qc1+ 27. Kh2 Qxd2 28. Rxd2 Rxd2 29. Qb7 Rcc2 30. Qxa7 Rxf2 31. Qb7 Rxg2+ 32. Qxg2 Rxg2+ 33. Kxg2 Kf8 34. Kf3 Ke7 35. Ke4 Kd6 36. Kd4 e5+ 37. Kc4 f5 38. b4 g5 39. b5 f4 40. Kd3 Kc5 41. Ke4 Kxb5 42. h4 Kc4 43. hxg5 hxg5 0-1


[Site "https://www.chess.com"]

[Event "Titled Tuesday Blitz September 21 2021"]
[White "Mirzoev, Azer"]
[Black "Nguyen Hong Nhung"]
[WhiteFideId "13400304"]
[BlackFideId "12412201"]
[WhiteElo "2525"]
[BlackElo "1661"]
[Result "1-0"]
[Round "01"]
[TimeControl "180+1"]
[Date "2021.09.21"]
[WhiteClock "0:01:19"]
[BlackClock "0:00:11"]

1. c4 c5 2. Nc3 e6 3. g3 Nc6 4. Bg2 Nf6 5. e4 d6 6. d3 g6 7. Nge2 Bg7 8. O-O O-O 9. f4 Nd4 10. Nxd4 cxd4 11. Ne2 e5 12. f5 gxf5 13. exf5 Rb8 14. h3 b5 15. b3 Bb7 16. Bxb7 Rxb7 17. g4 bxc4 18. bxc4 Nd7 19. Ng3 Qh4 20. Kg2 Rfb8 21. Qf3 Nc5 22. Rf2 a5 23. Ba3 Rb6 24. Bxc5 dxc5 25. Ne4 Rb2 26. Rf1 a4 27. Nxc5 a3 28. Ne4 Rxf2+ 29. Rxf2 Rb1 30. c5 Qd8 31. Nd6 Qc7 32. Qd5 Rb2 33. Ne4 Bf8 34. c6 Qb6 35. Nf6+ Kg7 36. Nd7 Rxf2+ 37. Kxf2 Qb2+ 38. Kf3 Qh2 39. Qxe5+ Qxe5 40. Nxe5 Bd6 41. Ke4 Kf6 42. Nc4 Bc7 43. Kxd4 1-0


[Site "https://www.chess.com"]

[Event "Titled Tuesday Blitz September 21 2021"]
[White "Murzin, Volodar"]
[Black "Gnechko, Ruslan"]
[WhiteFideId "44155573"]
[BlackFideId "14135868"]
[WhiteElo "2514"]
[BlackElo "2289"]
[Result "1-0"]
[Round "01"]
[TimeControl "180+1"]
[Date "2021.09.21"]
[WhiteClock "0:00:07"]
[BlackClock "0:00:08"]

1. e4 d6 2. d4 Nf6 3. Nc3 g6 4. Be3 c6 5. f3 Nbd7 6. Qd2 b5 7. O-O-O Qc7 8. g4 b4 9. Nce2 Rb8 10. g5 Nh5 11. Ng3 Bg7 12. Nxh5 gxh5 13. Ne2 c5 14. Nf4 cxd4 15. Bxd4 Bxd4 16. Qxd4 e5 17. Nd5 Qc5 18. Qd2 O-O 19. Ne7+ Kh8 20. Qxd6 Qxd6 21. Rxd6 Nc5 22. Rd5 Ne6 23. Rxe5 Bb7 24. Bd3 Rfe8 25. Nf5 Nxg5 26. Rxe8+ Rxe8 27. Rf1 Ne6 28. Kd2 Nf4 29. Rg1 Bc6 30. Bc4 Ne6 31. Ke3 a5 32. Nd6 Re7 33. Nxf7+ Rxf7 34. Bxe6 Rf8 35. f4 h6 36. f5 a4 37. Kf4 Bb5 38. Ke5 a3 39. bxa3 bxa3 40. Rg3 Be2 41. Rxa3 h4 42. f6 Kh7 43. Ra7+ Kg6 44. Rg7+ Kh5 45. Bf7+ Rxf7 46. Rxf7 h3 47. Rg7 Kh4 48. f7 h5 49. f8=Q Bc4 50. Qf2# 1-0


[Site "https://www.chess.com"]

[Event "Titled Tuesday Blitz September 21 2021"]
[White "Nayem, Haque"]
[Black "Tanenbaum, Zachary"]
[WhiteFideId "10217754"]
[BlackFideId "2060850"]
[WhiteElo "1982"]
[BlackElo "2165"]
[Result "0-1"]
[Round "01"]
[TimeControl "180+1"]
[Date "2021.09.21"]
[WhiteClock "0:00:49"]
[BlackClock "0:00:08"]

1. d4 d5 2. c4 dxc4 3. Qa4+ Nc6 4. Nf3 Bg4 5. Ne5 Qxd4 6. Nxc6 Qd7 7. Qxc4 bxc6 8. Nc3 Nf6 9. Bf4 e6 10. Rd1 Bd6 11. f3 Bh5 12. e4 e5 13. Bxe5 O-O 14. Bxf6 gxf6 15. e5 Qe7 16. Ne4 Qxe5 17. Be2 Rfe8 18. g4 Bg6 19. Bd3 Qf4 20. Kf2 f5 21. gxf5 Qh4+ 22. Ke2 Bxf5 23. Rdg1+ Bg6 24. Kd2 Qf4+ 25. Kc2 Rad8 26. Rg4 Qxf3 27. Rhg1 Be5 28. h4 Kh8 29. h5 Bxh5 30. R4g2 Bg6 31. Rxg6 fxg6 32. Kb1 Qxd3+ 33. Qxd3 Rxd3 34. Ng5 Kg7 0-1


[Site "https://www.chess.com"]

[Event "Titled Tuesday Blitz September 21 2021"]
[White "Obolentseva, Alexandra"]
[Black "Petriashvili, Nikoloz"]
[WhiteFideId "24153648"]
[BlackFideId "13611216"]
[WhiteElo "2113"]
[BlackElo "2430"]
[Result "1-0"]
[Round "01"]
[TimeControl "180+1"]
[Date "2021.09.21"]
[WhiteClock "0:00:52"]
[BlackClock "0:00:44"]

1. d4 Nf6 2. c4 g6 3. Nc3 d5 4. cxd5 Nxd5 5. e4 Nxc3 6. bxc3 Bg7 7. Nf3 c5 8. Bc4 O-O 9. O-O cxd4 10. cxd4 Nc6 11. Be3 Bg4 12. Bd5 Bxf3 13. gxf3 Rc8 14. Qa4 Nxd4 15. Bxd4 Bxd4 16. Qxd4 e6 17. Rfd1 exd5 18. Qxd5 Qe7 19. Rac1 Rxc1 20. Rxc1 Rd8 21. Qc5 Qe6 22. Kg2 b6 23. Qc4 Qf6 24. Qc7 Rd3 25. Qg3 Kg7 26. Rc7 h5 27. Rxa7 h4 28. Qg4 Rd2 29. Rd7 Rxa2 30. h3 Re2 31. Rb7 g5 32. Qh5 Rb2 33. Rb8 Rxf2+ 34. Kxf2 Qb2+ 35. Kf1 Qc1+ 36. Kg2 Qd2+ 37. Kg1 Qe1+ 38. Kg2 Qg3+ 39. Kf1 Qxh3+ 40. Ke2 Qh2+ 41. Kd3 Qxb8 42. Qxg5+ Kf8 43. Qh6+ Kg8 44. Qg5+ Kf8 45. Qh6+ Ke7 46. Qxh4+ Kd7 47. Qg4+ Kc6 48. Kc4 Qd8 49. Qf5 b5+ 50. Qxb5+ Kd6 51. Qd5+ Ke7 52. Qxd8+ Kxd8 53. Kd5 Kd7 54. Ke5 Ke7 55. Kf5 f6 56. Kg6 Ke6 57. f4 Ke7 58. f5 1-0


[Site "https://www.chess.com"]

[Event "Titled Tuesday Blitz September 21 2021"]
[White "Odegov, Artem"]
[Black "Babazada, Khazar"]
[WhiteFideId "34183644"]
[BlackFideId "13413554"]
[WhiteElo "2257"]
[BlackElo "2315"]
[Result "0-1"]
[Round "01"]
[TimeControl "180+1"]
[Date "2021.09.21"]
[WhiteClock "0:00:04"]
[BlackClock "0:00:23"]

1. d4 d5 2. c4 dxc4 3. Nf3 e6 4. e4 a6 5. Bxc4 b5 6. Bd3 Bb7 7. O-O Nd7 8. Nc3 Ngf6 9. Bg5 Be7 10. Re1 O-O 11. Rc1 Rc8 12. d5 Nc5 13. Bb1 b4 14. Na4 Nxa4 15. Qxa4 exd5 16. Bxf6 Bxf6 17. Qxb4 Rb8 18. e5 Be7 19. Qg4 g6 20. h4 c5 21. h5 Bc8 22. Qg3 Rb4 23. hxg6 hxg6 24. e6 Kg7 25. Re5 Bf6 26. e7 Bxe7 27. Rd1 Rg4 28. Qh2 Bd6 29. Rdxd5 Bxe5 30. Qxe5+ Qf6 31. Qxf6+ Kxf6 32. Rxc5 Be6 33. b3 Rd8 34. Bc2 Bd5 35. Ne5 Kxe5 36. f3 Rd4 37. Be4 f5 38. Bxd5 R8xd5 39. Rc7 Rd1+ 40. Kh2 R5d2 41. b4 Rxa2 42. b5 Rdd2 43. b6 Rxg2+ 44. Kh1 Rgb2 45. Rc5+ Kf4 46. Rc1 Rxb6 47. Rc4+ Kg3 48. Rc1 g5 49. f4 Rh6+ 50. Kg1 Rg2+ 51. Kf1 Rh1# 0-1


[Site "https://www.chess.com"]

[Event "Titled Tuesday Blitz September 21 2021"]
[White "Omariev, Maksim"]
[Black "Jobava, Baadur"]
[WhiteFideId "4193423"]
[BlackFideId "13601520"]
[WhiteElo "2441"]
[BlackElo "2731"]
[Result "1-0"]
[Round "01"]
[TimeControl "180+1"]
[Date "2021.09.21"]
[WhiteClock "0:00:09"]
[BlackClock "0:00:56"]

1. g4 d5 2. Bg2 c6 3. h3 e5 4. d4 Nd7 5. dxe5 Nxe5 6. Nf3 Bd6 7. Qd4 Qe7 8. Bf4 Nxf3+ 9. Bxf3 Bxf4 10. Qxf4 Nf6 11. Nd2 O-O 12. O-O-O Be6 13. g5 Nd7 14. h4 a5 15. h5 a4 16. a3 f6 17. h6 fxg5 18. Qc7 g6 19. Qxb7 Qd6 20. Ne4 Qf4+ 21. Nd2 Qd6 22. Ne4 Qe5 23. Nc3 Rab8 24. Qxc6 Rfc8 25. Qxe6+ Qxe6 26. Bxd5 Nc5 27. Bxe6+ Nxe6 28. Rd7 g4 29. Rhd1 Rf8 30. Ne4 Rf4 31. f3 gxf3 32. exf3 Rxf3 33. Re7 Nf8 34. Rd6 Kh8 35. Nf6 Rc8 36. Rg7 Rf1+ 37. Kd2 Rf2+ 38. Ke3 Rxf6 39. Rxf6 g5 40. Rff7 Ne6 41. Rxh7+ Kg8 42. Re7 Rxc2 43. Kd3 Rxb2 44. Rhf7 Nf8 45. h7+ Nxh7 46. Rg7+ Kf8 47. Rxh7 Rb3+ 48. Kc4 Rxa3 49. Ra7 Kg8 50. Rhc7 Rf3 51. Rc8+ Rf8 52. Rxf8+ Kxf8 53. Rxa4 Kf7 54. Kd3 Kg6 55. Ke2 Kh5 56. Kf2 g4 57. Kg2 Kh4 58. Ra3 g3 59. Rxg3 Kh5 60. Kf3 1-0


[Site "https://www.chess.com"]

[Event "Titled Tuesday Blitz September 21 2021"]
[White "Onyshchuk, Volodymyr"]
[Black "Czerw, Dawid"]
[WhiteFideId "14114038"]
[BlackFideId "1145746"]
[WhiteElo "2603"]
[BlackElo "2075"]
[Result "0-1"]
[Round "01"]
[TimeControl "180+1"]
[Date "2021.09.21"]
[WhiteClock "0:00:05"]
[BlackClock "0:00:11"]

1. e4 c5 2. Ne2 g6 3. g3 Bg7 4. Bg2 Nc6 5. c3 e6 6. d4 cxd4 7. cxd4 d5 8. e5 Nge7 9. O-O h5 10. h3 Nf5 11. Nbc3 Bd7 12. b3 Bf8 13. Bb2 Rc8 14. Qd3 Be7 15. Rac1 O-O 16. Qd2 Kg7 17. Nd1 Qb6 18. Ne3 Nxe3 19. Qxe3 Nb4 20. a3 Nc2 21. Qd2 Nxa3 22. Nf4 Qxb3 23. Bf3 Nc4 24. Rxc4 Rxc4 25. Bd1 Qb4 26. Qe2 Ba4 27. Bxa4 Qxa4 28. Bc1 Rc2 29. Qf3 Qxd4 30. Qb3 Rfc8 31. Be3 Qb6 32. Qd3 Qc7 33. Bd4 Rc4 34. Qe3 Rxd4 35. Qxd4 Qc5 36. Qb2 b5 37. Ra1 b4 38. Qb3 Qc4 39. Qb2 Qc3 40. Qb1 b3 41. Rxa7 Qc1+ 42. Qxc1 Rxc1+ 43. Kg2 b2 44. Rxe7 b1=Q 45. Nxe6+ Kg8 46. Re8+ Kh7 47. Ng5+ Kg7 0-1


[Site "https://www.chess.com"]

[Event "Titled Tuesday Blitz September 21 2021"]
[White "Ovetchkin, Roman"]
[Black "Krzywda, Andrzej"]
[WhiteFideId "4119991"]
[BlackFideId "1114565"]
[WhiteElo "2432"]
[BlackElo "2139"]
[Result "1-0"]
[Round "01"]
[TimeControl "180+1"]
[Date "2021.09.21"]
[WhiteClock "0:00:11"]
[BlackClock "0:00:01"]

1. d4 Nf6 2. c4 c5 3. d5 b5 4. cxb5 a6 5. bxa6 g6 6. Nc3 Bg7 7. e4 O-O 8. Nf3 Qa5 9. Nd2 Bxa6 10. e5 Ne8 11. f4 d6 12. h4 Bxf1 13. Kxf1 dxe5 14. h5 exf4 15. hxg6 fxg6 16. Qe2 Qa6 17. Nde4 f3 18. Qxa6 fxg2+ 19. Kxg2 Nxa6 20. Bg5 Nf6 21. Rae1 Rab8 22. b3 Nb4 23. Nxf6+ exf6 24. Bf4 Rbd8 25. Bc7 Rd7 26. d6 f5 27. Na4 Nd3 28. Rd1 Nf4+ 29. Kf3 Ne6 30. Nb6 Rxc7 31. dxc7 Nxc7 32. Rd7 Ne6 33. Nd5 h6 34. Re1 Nd4+ 35. Kf2 Rf7 36. Re8+ Bf8 37. Rdd8 Kg7 38. Nb6 g5 39. Nd7 Nc6 40. Rc8 Rxd7 41. Rxf8 Ne5 42. Rxf5 Nd3+ 43. Ke3 Nb4 44. a3 Nc2+ 45. Ke4 Nxa3 46. Rc6 Nc2 47. Rff6 Re7+ 48. Rce6 Rxe6+ 49. Rxe6 1-0


[Site "https://www.chess.com"]

[Event "Titled Tuesday Blitz September 21 2021"]
[White "Pajeken, Jakob Leon"]
[Black "Nakamura, Hikaru"]
[WhiteFideId "12942839"]
[BlackFideId "2016192"]
[WhiteElo "2351"]
[BlackElo "2884"]
[Result "0-1"]
[Round "01"]
[TimeControl "180+1"]
[Date "2021.09.21"]
[WhiteClock "0:00:09"]
[BlackClock "0:00:45"]

1. d4 g6 2. e4 Bg7 3. Nc3 a6 4. h4 h5 5. a4 b6 6. Be3 Bb7 7. f3 d6 8. Nh3 e6 9. Ng5 Nd7 10. Bc4 Qe7 11. Qd2 Ngf6 12. O-O O-O 13. Rae1 c5 14. Ba2 Rad8 15. d5 e5 16. Bc4 Ne8 17. Qe2 Nc7 18. Rb1 Rc8 19. b4 Ra8 20. bxc5 dxc5 21. Rfd1 Qd6 22. Qf2 Rfb8 23. Rb3 Bc8 24. Rdb1 Ne8 25. Qg3 Qe7 26. Be2 Nd6 27. Qf2 Rb7 28. g4 hxg4 29. fxg4 Rc7 30. h5 Bf6 31. Nh3 Bh4 32. Qf3 g5 33. Rf1 f6 34. Bf2 Bxf2+ 35. Qxf2 Rb8 36. Rfb1 c4 37. R3b2 Nc5 38. Qf1 Ncxe4 39. Nxe4 Nxe4 40. Bxc4 Qc5+ 41. Nf2 Qxc4 42. Qxc4 Rxc4 43. Nxe4 Rxe4 44. Rxb6 Rxb6 45. Rxb6 Bxg4 46. Rxf6 Bxh5 47. Rxa6 Rc4 48. Re6 Kg7 49. Rxe5 Kf6 50. Re3 Rxa4 51. Rd3 Bg4 52. d6 Bd7 53. Rd2 Rc4 54. Kf2 Ke5 55. Ke3 Rc3+ 56. Kf2 Rc6 57. Kg3 Rxd6 58. Re2+ Kf6 59. Rf2+ Kg6 60. Rf3 Rc6 61. c3 Bf5 62. Re3 Rd6 63. Rf3 Rd3 0-1


[Site "https://www.chess.com"]

[Event "Titled Tuesday Blitz September 21 2021"]
[White "Pakleza, Zbigniew"]
[Black "Boidiya, Sidi"]
[WhiteFideId "1119290"]
[BlackFideId "19600100"]
[WhiteElo "2526"]
[BlackElo "2113"]
[Result "1-0"]
[Round "01"]
[TimeControl "180+1"]
[Date "2021.09.21"]
[WhiteClock "0:00:48"]
[BlackClock "0:00:06"]

1. d4 d5 2. Bf4 e6 3. e3 Bd6 4. Bg3 c5 5. Nd2 Qc7 6. Ngf3 Nd7 7. c4 Ngf6 8. Be2 O-O 9. O-O Bxg3 10. hxg3 b6 11. Rc1 Qd6 12. cxd5 exd5 13. dxc5 bxc5 14. Qc2 Bb7 15. Rfd1 Rac8 16. Qa4 Qb6 17. b3 Bc6 18. Qf4 Rfd8 19. g4 Qb8 20. Qxb8 Rxb8 21. g5 Ng4 22. Nf1 Rbc8 23. Ng3 g6 24. Ba6 Rb8 25. Rc2 Kg7 26. Be2 h6 27. gxh6+ Nxh6 28. Rdc1 Bb5 29. Kf1 Bxe2+ 30. Nxe2 Ng8 31. Rd1 Ngf6 32. Nf4 Rb6 33. Nxd5 Rd6 34. Nc3 Rxd1+ 35. Nxd1 Nb6 36. Nb2 Rc8 37. Ne5 Ne4 38. Ke2 Nd6 39. Nec4 Ndxc4 40. Nxc4 Nd5 41. Nd6 Rc6 42. Ne4 Nb4 43. Rxc5 Rxc5 44. Nxc5 Nxa2 45. Kd3 Nb4+ 46. Kc4 Nc6 47. Kb5 Ne5 48. Ka6 Ng4 49. Nd3 Kf6 50. Kxa7 Ke6 51. b4 Kd5 52. b5 Kc4 53. f3 Nf6 54. Ne5+ Kxb5 55. Nxf7 Kc4 56. Ne5+ Kc3 57. Nxg6 Kd3 58. e4 Nxe4 59. fxe4 Kxe4 60. Nh4 Kf4 61. Nf3 Kg3 62. Ne1 Kf2 63. Kb6 Kxe1 64. g4 Kf2 65. g5 Kg3 66. g6 1-0


[Site "https://www.chess.com"]

[Event "Titled Tuesday Blitz September 21 2021"]
[White "Pasti, Aron"]
[Black "Tristan, Leonardo"]
[WhiteFideId "785857"]
[BlackFideId "113816"]
[WhiteElo "2080"]
[BlackElo "2404"]
[Result "0-1"]
[Round "01"]
[TimeControl "180+1"]
[Date "2021.09.21"]
[WhiteClock "0:00:03"]
[BlackClock "0:00:39"]

1. e4 d5 2. exd5 Qxd5 3. Nc3 Qa5 4. Nf3 Nf6 5. Bc4 Nc6 6. d3 Bg4 7. h3 Qh5 8. Bf4 Bxf3 9. Qxf3 Qxf3 10. gxf3 e5 11. Be3 Nd4 12. O-O-O Nxf3 13. Nd5 Bd6 14. Nxf6+ gxf6 15. Bd5 Nh4 16. Bxb7 Rb8 17. Be4 a5 18. Rdg1 f5 19. Bc6+ Kd8 20. Rg7 f4 21. Ba7 Nf5 22. Rxf7 Ne7 23. Be4 Ke8 24. Rg7 Kf8 25. Rhg1 Rb4 26. c3 Rxe4 27. dxe4 Ng6 28. Rd7 Ke8 29. Rg7 Kf8 30. R7xg6 hxg6 31. Rxg6 Rxh3 32. Kd2 Rh1 33. Rf6+ Ke7 34. Rg6 Rh8 35. Ke2 Ra8 36. Bc5 Bxc5 37. Rg7+ Kd6 38. Rg6+ Kd7 39. Rg7+ Kc6 40. Rg6+ Bd6 41. b3 Rh8 0-1


[Site "https://www.chess.com"]

[Event "Titled Tuesday Blitz September 21 2021"]
[White "Popadic, Dragan"]
[Black "Leitao, Rafael"]
[WhiteFideId "913650"]
[BlackFideId "2101246"]
[WhiteElo "2207"]
[BlackElo "2609"]
[Result "0-1"]
[Round "01"]
[TimeControl "180+1"]
[Date "2021.09.21"]
[WhiteClock "0:01:06"]
[BlackClock "0:01:16"]

1. e4 e5 2. d4 exd4 3. Qxd4 Nc6 4. Qe3 Nf6 5. Nc3 Bb4 6. Bd2 O-O 7. O-O-O Re8 8. Qg3 Nxe4 9. Nxe4 Rxe4 10. c3 Bd6 11. f4 Bf8 12. Bd3 Ra4 13. Nh3 h6 14. Kb1 d5 15. Bc2 Ra6 16. f5 Qf6 17. Nf4 Bxf5 18. Bxf5 Qxf5+ 19. Ka1 Na5 20. Nd3 Nb3+ 21. Kb1 Nc5 22. Bc1 Rg6 23. Qf3 Qxf3 24. gxf3 Nxd3 25. Rxd3 c6 26. Re1 Re6 27. Rg1 Rae8 28. Rd2 Re2 29. Kc2 Rxd2+ 30. Kxd2 Bd6 31. h3 Bf4+ 32. Kd3 Bxc1 33. Rxc1 Re5 34. Rg1 Rg5 35. Re1 Kf8 0-1


[Site "https://www.chess.com"]

[Event "Titled Tuesday Blitz September 21 2021"]
[White "Pressman, Leif"]
[Black "Sarana, Alexey"]
[WhiteFideId "2023547"]
[BlackFideId "24133795"]
[WhiteElo "2236"]
[BlackElo "2671"]
[Result "0-1"]
[Round "01"]
[TimeControl "180+1"]
[Date "2021.09.21"]
[WhiteClock "0:00:02"]
[BlackClock "0:01:02"]

1. e4 c5 2. Nf3 Nc6 3. d4 cxd4 4. Nxd4 Nf6 5. Nc3 e5 6. Ndb5 d6 7. Bg5 a6 8. Na3 b5 9. Nd5 Be7 10. Bxf6 Bxf6 11. c3 Ne7 12. Nxf6+ gxf6 13. Bd3 Bb7 14. O-O Qd7 15. Nc2 d5 16. exd5 f5 17. f4 Qxd5 18. Rf2 Rg8 19. Bf1 exf4 20. Qxd5 Nxd5 21. Re1+ Kf8 22. h3 Rd8 23. Kh2 Rg3 24. Rxf4 Nxf4 25. Kxg3 Nxg2 26. Bxg2 Bxg2 27. Kxg2 Rd2+ 28. Kf3 Rxc2 29. Re2 Rc1 30. Kf4 Rf1+ 31. Kg5 Kg7 32. b3 h6+ 33. Kh4 Rf3 34. Rc2 a5 35. c4 b4 36. c5 Rc3 37. Rg2+ Kf6 38. Kh5 Rxh3# 0-1


[Site "https://www.chess.com"]

[Event "Titled Tuesday Blitz September 21 2021"]
[White "Quparadze, Giga"]
[Black "Baches Garcia, Guillermo"]
[WhiteFideId "13602250"]
[BlackFideId "2209764"]
[WhiteElo "2658"]
[BlackElo "2458"]
[Result "1-0"]
[Round "01"]
[TimeControl "180+1"]
[Date "2021.09.21"]
[WhiteClock "0:01:59"]
[BlackClock "0:00:16"]

1. e4 c5 2. Nf3 d6 3. g3 Nf6 4. Nc3 g6 5. d4 cxd4 6. Nxd4 Bd7 7. Bg2 Nc6 8. O-O Bg7 9. Nde2 O-O 10. Nd5 Nxd5 11. exd5 Ne5 12. c3 Qc8 13. Nd4 Bh3 14. Bf4 Bxg2 15. Kxg2 Nc4 16. Rb1 Re8 17. Re1 Nb6 18. Nc2 Qc4 19. Ne3 Qxa2 20. Qd3 Qb3 21. h4 Rac8 22. h5 Nc4 23. hxg6 Nxe3+ 24. Bxe3 hxg6 25. Bxa7 b6 26. Re4 Rc5 27. Rb4 Qxd5+ 28. Qxd5 Rxd5 29. Bxb6 Rb8 30. Re1 e5 31. Ree4 Rd2 32. Rec4 f5 33. Rc7 e4 34. b3 e3 35. Bxe3 Rxb4 36. cxb4 Rb2 37. Rxg7+ 1-0


[Site "https://www.chess.com"]

[Event "Titled Tuesday Blitz September 21 2021"]
[White "Ronka, Erik"]
[Black "Sviridov, Valery"]
[WhiteFideId "505080"]
[BlackFideId "4120680"]
[WhiteElo "2264"]
[BlackElo "2454"]
[Result "0-1"]
[Round "01"]
[TimeControl "180+1"]
[Date "2021.09.21"]
[WhiteClock "0:00:04"]
[BlackClock "0:02:26"]

1. e4 Nf6 2. e5 Nd5 3. c4 Nb6 4. d4 d6 5. f4 dxe5 6. fxe5 Nc6 7. Be3 Bf5 8. Nc3 e6 9. Nf3 Qd7 10. Be2 O-O-O 11. O-O Bg4 12. c5 Nd5 13. Nxd5 Qxd5 14. b4 f6 15. b5 Nxd4 16. Nxd4 Qxe5 17. Bf2 Bxe2 18. Qxe2 Rxd4 19. Qxe5 fxe5 20. Bxd4 exd4 21. c6 Bc5 22. Rad1 Re8 23. Rfe1 e5 24. Re4 bxc6 25. bxc6 Re6 26. g4 Kd8 27. Kg2 Ke7 28. Rde1 Kd6 29. h4 Kd5 30. g5 h6 31. gxh6 gxh6 32. Kh3 Bb4 33. R1e2 d3 34. R2e3 Bd2 35. Rxd3+ Kxe4 36. Rxd2 Rxc6 37. Kg4 Ke3 38. Rh2 e4 39. Kh5 Kd3 40. Rh3+ e3 41. Kg4 Kd2 42. Kf3 e2 43. Rh2 Rf6+ 44. Ke4 Kd1 45. Ke5 Ra6 0-1


[Site "https://www.chess.com"]

[Event "Titled Tuesday Blitz September 21 2021"]
[White "Rosenberg, Evan S"]
[Black "Dobrov, Vladimir"]
[WhiteFideId "2019299"]
[BlackFideId "4136594"]
[WhiteElo "2415"]
[BlackElo "2614"]
[Result "0-1"]
[Round "01"]
[TimeControl "180+1"]
[Date "2021.09.21"]
[WhiteClock "0:00:01"]
[BlackClock "0:00:29"]

1. Nf3 d5 2. d4 Nf6 3. c4 e6 4. g3 dxc4 5. Bg2 a6 6. O-O Nc6 7. Qc2 b5 8. e3 Nb4 9. Qe2 Bb7 10. Rd1 Be7 11. b3 cxb3 12. axb3 O-O 13. Bb2 Qb8 14. Na3 Rd8 15. Nc2 Nxc2 16. Qxc2 Be4 17. Qe2 Qb7 18. Ne1 Bxg2 19. Nxg2 Rac8 20. Rdc1 h6 21. Nf4 Nd7 22. Nd3 c5 23. dxc5 Nxc5 24. Nxc5 Rxc5 25. Rxc5 Bxc5 26. Qg4 Bf8 27. Rd1 Rd5 28. Rxd5 Qxd5 29. b4 Qb3 30. Qd4 Qxb4 0-1


[Site "https://www.chess.com"]

[Event "Titled Tuesday Blitz September 21 2021"]
[White "Rozhkov, Viacheslav"]
[Black "Rakhmanov, Aleksandr"]
[WhiteFideId "4181484"]
[BlackFideId "4173708"]
[WhiteElo "2324"]
[BlackElo "2554"]
[Result "0-1"]
[Round "01"]
[TimeControl "180+1"]
[Date "2021.09.21"]
[WhiteClock "0:00:10"]
[BlackClock "0:00:37"]

1. e4 c5 2. Nf3 Nf6 3. Nc3 d5 4. e5 Nfd7 5. e6 fxe6 6. d4 Nc6 7. Bd3 cxd4 8. Ng5 Nf6 9. Nb5 e5 10. Nxh7 Rxh7 11. Bxh7 Qa5+ 12. Nc3 Nxh7 13. Qh5+ Kd8 14. Qxh7 dxc3 15. O-O Bd7 16. bxc3 Kc7 17. Be3 Qxc3 18. Rab1 e6 19. Rb3 Qc4 20. Rfb1 b6 21. Qg8 d4 22. Bg5 Re8 23. Qf7 Kc8 24. h4 e4 25. Bf4 Qc5 26. Rb5 Qe7 27. Qg6 Qxh4 28. Qxe4 e5 29. Bg3 Qxe4 0-1


[Site "https://www.chess.com"]